[Event "ICC tourney 2009 (45 10)"]
[Site "Internet Chess Club"]
[Date "2020.09.19"]
[Round "4"]
[White "Natey"]
[Black "HarleyQueen8"]
[Result "1-0"]
[ICCResult "Black checkmated"]
[WhiteElo "1713"]
[BlackElo "1822"]
[Opening "Sicilian"]
[ECO "B56"]
[NIC "SI.25"]
[Time "18:31:22"]
[TimeControl "2700+10"]

1. e4 c5 2. Nf3 d6 3. d4 cxd4 4. Nxd4 Nf6 5. Nc3 Nc6 6. f3 e5 7. Nb3 Be7 8.
Be3 Be6 9. Qd2 d5 10. exd5 Nxd5 11. Nxd5 Qxd5 12. Qxd5 Bxd5 13. O-O-O O-O-O
14. Bd3 Kb8 15. a3 h6 16. Kb1 Rhe8 17. Rhe1 Bf8 18. Nd2 Be6 19. Bf2 Ka8 20.
Bg3 Bd6 21. Ne4 Bc7 22. Nc5 Bc8 23. Bb5 Rxd1+ 24. Rxd1 Rd8 25. Rxd8 Nxd8 26.
Nd3 f6 27. Bf2 Ne6 28. Bc4 Ng5 29. h4 Ne6 30. Nc5 Nf4 31. g3 Ng6 32. Be6 Kb8
33. Bxc8 Kxc8 34. Ne6 Ne7 35. Nxg7 Kd7 36. Bc5 Ng8 37. Nf5 Ke6 38. g4 Kf7
39. c4 b6 40. Bd6 Bd8 41. c5 bxc5 42. Bxc5 a5 43. h5 Bc7 44. Kc2 Ke8 45. Kd3
Kf7 46. Ke4 Ke8 47. Kd5 Kf7 48. Kc6 Bd8 49. Kd7 Be7 50. Bxe7 Nxe7 51. Nxe7
f5 52. Nxf5 Kf6 53. Nxh6 Kg5 54. Nf7+ Kf6 55. Nxe5 Kxe5 56. h6 Kf6 57. g5+
Kg6 58. f4 Kh7 59. f5 Kg8 60. f6 Kh7 61. f7 Kg6 62. f8=Q Kh5 63. h7 Kg4 64.
h8=Q Kg3 65. g6 Kg4 66. g7 Kg3 67. g8=R# {Black checkmated} 1-0

[Event "ICC tourney 2009 (45 10)"]
[Site "Internet Chess Club"]
[Date "2020.09.19"]
[Round "4"]
[White "TigerSahi"]
[Black "CoastalJourney"]
[Result "0-1"]
[ICCResult "White resigns"]
[WhiteElo "1575"]
[BlackElo "1697"]
[Opening "Nimzo-Indian: classical, 4...c5"]
[ECO "E38"]
[NIC "NI.22"]
[Time "18:31:21"]
[TimeControl "2700+10"]

1. d4 Nf6 2. c4 e6 3. Nc3 Bb4 4. Qc2 c5 5. dxc5 Bxc5 6. Bf4 Nc6 7. Nf3 a6 8.
h3 h6 9. e3 Qe7 10. a3 d6 11. Rd1 e5 12. Bh2 O-O 13. Be2 Be6 14. O-O Rac8
15. b4 Ba7 16. Nd5 Bxd5 17. cxd5 Nd4 18. Nxd4 Rxc2 19. Nxc2 Rc8 20. Na1 g6
21. Rd3 Qc7 22. Nb3 Kg7 23. Rdd1 Ne4 24. Rc1 Qd8 25. Rxc8 Qxc8 26. Rc1 Qf5
27. Bf3 Ng5 28. Be2 Qe4 29. Bc4 b5 30. Be2 Bxe3 31. Rd1 Qc2 32. fxe3 Qxe2
33. Rb1 Qxe3+ 34. Kh1 Ne4 35. Bg1 Qd3 36. Rb2 Qc3 37. Rb1 Qc2 38. Re1 Ng3+
39. Kh2 Qxb3 40. Bf2 Nf5 41. g4 Nd4 42. Kg2 Qf3+ 43. Kg1 Qxh3 44. Bxd4 exd4
45. Kf2 Qxg4 46. Rg1 Qf4+ 47. Ke2 Qe3+ 48. Kf1 d3 49. Rg2 d2 50. Rxd2 Qxd2
{White resigns}
0-1

[Event "ICC tourney 2009 (45 10)"]
[Site "Internet Chess Club"]
[Date "2020.09.19"]
[Round "4"]
[White "chessmilano"]
[Black "orwind"]
[Result "1-0"]
[ICCResult "Black resigns"]
[WhiteElo "1732"]
[BlackElo "1489"]
[Opening "Queen's pawn: London system"]
[ECO "A45"]
[NIC "QP.07"]
[Time "18:31:22"]
[TimeControl "2700+10"]

1. d4 Nf6 2. Bf4 d5 3. e3 Bf5 4. Nf3 e6 5. Bd3 Bxd3 6. Qxd3 Nbd7 7. Nbd2 Be7
8. h3 c6 9. e4 Nb6 10. O-O O-O 11. c3 Re8 12. a4 a5 13. b3 c5 14. e5 Nfd7
15. Be3 Rc8 16. Qb5 cxd4 17. cxd4 Bb4 18. Rac1 Qe7 19. Nh2 h6 20. f4 Qh4 21.
Qd3 Ba3 22. Rxc8 Rxc8 23. Ndf3 Qe7 24. f5 exf5 25. Qxf5 Qe6 26. Qd3 Bb4 27.
Bd2 Qe7 28. Ng4 Rc6 29. g3 Bxd2 30. Qxd2 Qb4 31. Qf4 Qxb3 32. Nh4 f6 33.
Nxh6+ gxh6 34. Qg4+ Kf8 35. Nf5 Qb4 36. Nxh6 Ke8 37. e6 Nf8 38. Ng8 Rxe6 39.
Nxf6+ Kd8 40. Nh7 Nxh7 41. Qxe6 Qxd4+ 42. Kh2 Qb2+ 43. Kh1 d4 44. Qg8+ Kc7
45. Qxh7+ Kb8 46. Qd3 Nxa4 47. h4 b5 48. Rb1 Nc5 49. Qxb5+ Qxb5 50. Rxb5+
Nb7 51. h5 d3 52. h6 d2 53. Rb1 {Black resigns} 1-0

[Event "ICC tourney 2009 (45 10)"]
[Site "Internet Chess Club"]
[Date "2020.09.19"]
[Round "4"]
[White "imranchamp"]
[Black "spamazing26"]
[Result "0-1"]
[ICCResult "White checkmated"]
[WhiteElo "1804"]
[BlackElo "1841"]
[Opening "French: Winawer, advance, positional main line"]
[ECO "C19"]
[NIC "FR.12"]
[Time "18:31:33"]
[TimeControl "2700+10"]

1. e4 e6 2. d4 d5 3. Nc3 Bb4 4. e5 Ne7 5. a3 Bxc3+ 6. bxc3 c5 7. Nf3 cxd4 8.
cxd4 Nbc6 9. Bd3 Bd7 10. O-O Rc8 11. Rb1 b6 12. Bd2 Nf5 13. c3 Na5 14. Re1
h6 15. h3 Nc4 16. Bc1 O-O 17. Nh2 Kh8 18. Bc2 Qe7 19. Qd3 Nxa3 20. Bxa3 Qxa3
21. Rb3 Qa2 22. Reb1 Ba4 23. g4 Bxb3 24. Rxb3 g6 25. gxf5 gxf5 26. Ng4 Rg8
27. Qd2 Rg5 28. Kf1 fxg4 29. h4 Rg7 30. Qxh6+ Kg8 31. Qd2 Kf8 32. h5 g3 33.
h6 Rg4 34. fxg3 Rxg3 35. Qh2 Qa1+ 36. Bb1 Rcxc3 37. h7 Qa6+ 38. Ke1 Rge3+
39. Kd2 Red3+ 40. Bxd3 Qxd3+ 41. Ke1 Rc1+ 42. Kf2 Rc2+ 43. Ke1 Qe4+ 44. Kd1
Rxh2 45. Rh3 Qb1# {White checkmated} 0-1

[Event "ICC tourney 2009 (45 10)"]
[Site "Internet Chess Club"]
[Date "2020.09.19"]
[Round "4"]
[White "DavGasparyan"]
[Black "happyscientist"]
[Result "0-1"]
[ICCResult "White resigns"]
[WhiteElo "1829"]
[BlackElo "1733"]
[Opening "Scotch: Potter variation"]
[ECO "C45"]
[NIC "SO.05"]
[Time "18:31:20"]
[TimeControl "2700+10"]

1. e4 e5 2. Nf3 Nc6 3. d4 exd4 4. Nxd4 Bc5 5. Nb3 Bb6 6. Nc3 Nf6 7. Qe2 O-O
8. Bg5 Re8 9. O-O-O d6 10. Nd5 Re6 11. Nxf6+ gxf6 12. Bh6 f5 13. Qh5 Qf6 14.
Bd2 fxe4 15. Kb1 Re5 16. Qe2 Qxf2 17. Bc3 Qxe2 18. Bxe2 Rg5 19. g3 Bg4 20.
Bxg4 Rxg4 21. Rhf1 Re8 22. Nc1 e3 23. Ne2 Ba5 24. Bxa5 Nxa5 25. b3 Nc6 26.
Rfe1 Rge4 27. Kc1 R4e5 28. Nf4 Nb4 29. a3 Na6 30. Rd5 f6 31. Rxe5 Rxe5 32.
Ng2 Kf7 33. Nxe3 d5 34. b4 d4 35. Ng2 c5 36. Rd1 Re2 37. Nf4 Rxh2 38. bxc5
Nxc5 39. Rxd4 b6 40. Kb2 h5 41. Nd5 f5 42. Ne3 Ke6 43. Rd8 Rh3 44. Re8+ Kf7
45. Ra8 f4 46. Rxa7+ Kf8 47. Ra8+ Kg7 48. Ra7+ Kh6 49. Nf5+ Kg5 50. Rf7 fxg3
51. Ne3 h4 52. Rf5+ Kg6 53. Rd5 Rh2 54. Rd8 Kg7 55. Rd5 Kf6 56. Rd8 h3 57.
Rg8 g2 58. Nd5+ Kf7 59. Rg3 Ne4 60. Rf3+ Kg7 61. Nf4 g1=Q 62. Ne6+ Kg6 63.
Nf8+ Kh5 64. Ne6 Ng5 65. Rf5 Rg2 66. Nf4+ Kh6 67. Rf6+ Kh7 68. Rd6 Rxc2+ 69.
Kxc2 Qc5+ 70. Kb3 Qxd6 71. Nxh3 Qg3+ 72. Kb4 Qxh3 73. a4 Qf5 74. Kc4 Qc5+
75. Kb3 Qd4 76. Kc2 Qe3 77. a5 bxa5 78. Kd1 Qf2 79. Kc1 a4 80. Kb1 a3 81.
Kc1 Qe2 {White resigns} 0-1

[Event "ICC tourney 2009 (45 10)"]
[Site "Internet Chess Club"]
[Date "2020.09.19"]
[Round "4"]
[White "ScoutViolet"]
[Black "steinutz"]
[Result "0-1"]
[ICCResult "White resigns"]
[WhiteElo "1595"]
[BlackElo "1785"]
[Opening "Scandinavian: Pytel-Wade variation"]
[ECO "B01"]
[NIC "SD.02"]
[Time "18:31:31"]
[TimeControl "2700+10"]

1. e4 d5 2. exd5 Qxd5 3. Nc3 Qd6 4. Nf3 c6 5. d4 Nf6 6. Bc4 Bf5 7. Be3 e6 8.
Qd2 Qc7 9. O-O Bd6 10. h3 Nbd7 11. a3 Rd8 12. Rad1 Bg6 13. Rfe1 O-O 14. Bg5
h6 15. Bh4 Bf4 16. Qe2 Bh7 17. Bxf6 Nxf6 18. Bd3 Bxd3 19. Rxd3 Qb6 20. b3
Bb8 21. a4 Qc7 22. Ne5 a6 23. g3 c5 24. dxc5 Qxc5 25. Qe3 Qc7 26. f4 b5 27.
Qd2 Ba7+ 28. Kf1 Qb6 29. Qg2 b4 30. Nd1 Nd5 31. Ne3 Nxe3+ 32. Rexe3 Rxd3 33.
Rxd3 Rd8 34. Rxd8+ Qxd8 35. Nd3 Qd4 36. Qf2 Qa1+ 37. Qe1 Qd4 38. Qf2 a5 39.
Qxd4 Bxd4 40. Ke2 Kf8 41. Kf3 f5 42. g4 Ke7 43. Ne5 Bxe5 44. fxe5 g5 45. Ke3
f4+ 46. Kf3 Kd7 47. h4 Kc6 48. Ke4 Kc5 49. hxg5 hxg5 50. Kd3 Kd5 51. c3 bxc3
52. Kxc3 f3 53. Kd3 Kc5 54. Ke3 Kb4 55. Kxf3 Kxb3 56. Ke3 Kxa4 57. Kd3 Kb5
58. Kc3 Kc6 59. Kc4 a4 60. Kb4 a3 61. Kxa3 Kd5 62. Kb3 Kxe5 63. Kc3 Kf4 64.
Kd4 e5+ 65. Kd3 Kf3 66. Kd2 Kxg4 67. Ke3 Kf5 68. Kf3 e4+ 69. Ke3 g4 70. Ke2
Kf4 71. Kf2 e3+ {White resigns} 0-1

[Event "ICC tourney 2009 (45 10)"]
[Site "Internet Chess Club"]
[Date "2020.09.19"]
[Round "5"]
[White "HarleyQueen8"]
[Black "Queen4aKing"]
[Result "1-0"]
[ICCResult "Black resigns"]
[WhiteElo "1849"]
[BlackElo "1499"]
[Opening "QGD: 3.Nc3"]
[ECO "D31"]
[NIC "QP.08"]
[Time "21:02:10"]
[TimeControl "2700+10"]

1. d4 d5 2. c4 e6 3. Nc3 Bb4 4. Nf3 Nc6 5. Bf4 Nf6 6. e3 O-O 7. Bd3 h6 8.
O-O Bxc3 9. bxc3 b6 10. Bg3 dxc4 11. Bxc4 Ne4 12. Qd3 Na5 13. Qxe4 Nxc4 14.
Qxa8 a5 15. Qc6 Ba6 16. Rfe1 Nd6 17. Bxd6 cxd6 18. Rab1 {Black resigns} 1-0

[Event "ICC tourney 2009 (45 10)"]
[Site "Internet Chess Club"]
[Date "2020.09.19"]
[Round "5"]
[White "happyscientist"]
[Black "chessfirelord"]
[Result "0-1"]
[ICCResult "White resigns"]
[WhiteElo "1701"]
[BlackElo "1590"]
[Opening "Sicilian: Alapin's variation (2.c3)"]
[ECO "B22"]
[NIC "SI.46"]
[Time "21:02:29"]
[TimeControl "2700+10"]

1. e4 c5 2. c3 d5 3. exd5 Qxd5 4. Nf3 Nf6 5. d4 e6 6. h3 Nc6 7. Be2 Be7 8.
O-O O-O 9. dxc5 Bxc5 10. Bg5 Ne4 11. Bh4 h6 12. Nbd2 g5 13. Nxe4 Qxe4 14.
Bd3 Qf4 15. Bg3 Qxg3 {White resigns} 0-1

[Event "ICC tourney 2009 (45 10)"]
[Site "Internet Chess Club"]
[Date "2020.09.19"]
[Round "5"]
[White "michaelxiao"]
[Black "danaglin"]
[Result "0-1"]
[ICCResult "White resigns"]
[WhiteElo "1358"]
[BlackElo "1645"]
[Opening "English, 1...Nf6 (Anglo-Indian defense)"]
[ECO "A15"]
[NIC "EO.64"]
[Time "21:02:17"]
[TimeControl "2700+10"]

1. c4 Nf6 2. g3 g6 3. Bg2 d5 4. cxd5 Nxd5 5. Nf3 Bg7 6. O-O O-O 7. Nc3 Nxc3
8. bxc3 c5 9. Ba3 Qc7 10. Rc1 Be6 11. d4 cxd4 12. cxd4 Qd7 13. Qd2 Rd8 14.
e3 Na6 15. Rc3 Rac8 16. Rfc1 Nc7 17. Ng5 Nd5 18. Bxd5 Bxd5 19. e4 Bc6 20. d5
Bxc3 21. Qxc3 Bxd5 22. Qd2 Rxc1+ 23. Bxc1 Bc6 24. Qf4 f6 25. Nf3 Qe6 26. e5
Rd1+ 27. Kg2 Bxf3+ 28. Qxf3 Rxc1 29. exf6 Qc6 30. fxe7 Qxf3+ 31. Kxf3 Kf7
32. e8=Q+ Kxe8 {White resigns} 0-1

[Event "ICC tourney 2009 (45 10)"]
[Site "Internet Chess Club"]
[Date "2020.09.19"]
[Round "5"]
[White "orwind"]
[Black "HeJustin"]
[Result "1-0"]
[ICCResult "Black checkmated"]
[WhiteElo "1517"]
[BlackElo "1579"]
[Opening "Ruy Lopez: exchange variation, 5.O-O"]
[ECO "C68"]
[NIC "RL.08"]
[Time "21:02:12"]
[TimeControl "2700+10"]

1. e4 e5 2. Nf3 Nc6 3. Bb5 a6 4. Bxc6 dxc6 5. O-O Bd6 6. d4 exd4 7. Qxd4 Be7
8. Qxg7 Bf6 9. Qg3 Ne7 10. Nc3 Rg8 11. Qf4 Bxc3 12. bxc3 h5 13. Ne5 Be6 14.
Ba3 Ng6 15. Nxg6 Rxg6 16. Kh1 Qg5 17. Qxg5 Rxg5 18. f4 Rg8 19. f5 Bc4 20.
Rfd1 Be2 21. Rd2 Bc4 22. f6 Rg6 23. Be7 Rg4 24. Rad1 Rxe4 25. Rd8+ Rxd8 26.
Rxd8# {Black checkmated} 1-0

[Event "ICC tourney 2009 (45 10)"]
[Site "Internet Chess Club"]
[Date "2020.09.19"]
[Round "5"]
[White "whyyoutrysohard"]
[Black "jojoraman"]
[Result "1-0"]
[ICCResult "Black checkmated"]
[WhiteElo "1628"]
[BlackElo "1355"]
[Opening "Queen's gambit declined"]
[ECO "D30"]
[NIC "QP.08"]
[Time "21:02:12"]
[TimeControl "2700+10"]

1. d4 d5 2. c4 e6 3. Nf3 Nf6 4. g3 c5 5. cxd5 exd5 6. Bg2 cxd4 7. Nxd4 Bc5
8. Nb3 Bb6 9. Nc3 Be6 10. Bg5 Bxf2+ 11. Kf1 h6 12. Bxf6 Qxf6 13. Bf3 Bb6 14.
Nxd5 Qxb2 15. Nc7+ Bxc7 16. Bxb7 Bh3+ 17. Ke1 Qc3+ 18. Qd2 Qf6 19. Bxa8 Be5
20. Rc1 O-O 21. Bf3 Bb2 22. Rc2 Be5 23. Kf2 Bf5 24. Rc5 Rd8 25. Qa5 Re8 26.
Rd1 Nd7 27. Rc6 Qg5 28. Qxa7 Bb8 29. Qd4 Be5 30. Qc4 Bb8 31. Rc8 Ba7+ 32.
Kg2 Rxc8 33. Qxc8+ Nf8 34. Qc1 Be3 35. Qc3 Ng6 36. Kh1 Bf2 37. Qd2 Be3 38.
Qd8+ Qxd8 39. Rxd8+ Kh7 40. Nd4 Bb1 41. a4 Ne5 42. a5 Bd2 43. a6 Nxf3 44.
exf3 Ba5 45. a7 Bxd8 46. a8=Q Bf6 47. Qd5 Bg6 48. Kg2 Kh8 49. Nf5 Kh7 50.
Nd6 Kg8 51. Qa8+ Kh7 52. Qe8 Bg5 53. Nxf7 Bf6 54. Qh8# {Black checkmated}
1-0

[Event "ICC tourney 2009 (45 10)"]
[Site "Internet Chess Club"]
[Date "2020.09.19"]
[Round "5"]
[White "ybabji"]
[Black "speedyplot"]
[Result "1-0"]
[ICCResult "Black checkmated"]
[WhiteElo "1823"]
[BlackElo "1704"]
[Opening "Sicilian: Alapin's variation (2.c3)"]
[ECO "B22"]
[NIC "SI.46"]
[Time "21:02:56"]
[TimeControl "2700+10"]

1. e4 c5 2. c3 d5 3. exd5 Qxd5 4. Nf3 Nf6 5. d4 Bg4 6. dxc5 Qxd1+ 7. Kxd1 e5
8. b4 e4 9. h3 exf3 10. hxg4 Nxg4 11. Kc2 Be7 12. gxf3 Nf6 13. Nd2 Nbd7 14.
Bb2 O-O-O 15. Re1 Rhe8 16. Bc4 Bf8 17. Bxf7 Rxe1 18. Rxe1 g6 19. Nc4 Bg7 20.
Nd6+ Kb8 21. Bc1 Nh5 22. Be6 Kc7 23. Rd1 Kc6 24. Nf7 Rf8 25. Rd6+ Kb5 26.
a4+ Kxa4 27. Bxd7+ b5 28. cxb6# {Black checkmated} 1-0

[Event "ICC tourney 2009 (45 10)"]
[Site "Internet Chess Club"]
[Date "2020.09.19"]
[Round "5"]
[White "spamazing26"]
[Black "chessKingR"]
[Result "1/2-1/2"]
[ICCResult "Game drawn by mutual agreement"]
[WhiteElo "1826"]
[BlackElo "1836"]
[Opening "QGD Slav: Tolush-Geller gambit"]
[ECO "D15"]
[NIC "SL.03"]
[Time "21:02:44"]
[TimeControl "2700+10"]

1. d4 d5 2. c4 c6 3. Nc3 Nf6 4. Nf3 dxc4 5. e4 b5 6. e5 Nd5 7. Be2 e6 8. O-O
Be7 9. a4 Nxc3 10. bxc3 Bb7 11. Rb1 a6 12. axb5 cxb5 13. Bxc4 Qc7 14. Bb3
Qxc3 15. Bb2 Qc7 16. d5 Bxd5 17. Bxd5 exd5 18. e6 fxe6 19. Bxg7 Rg8 20. Nd4
Qd6 21. Qh5+ Kd7 22. Qxh7 Nc6 23. Nxc6 Qxc6 24. Rbc1 Qd6 25. f4 Rac8 26.
Rce1 {Game drawn by mutual agreement} 1/2-1/2

[Event "ICC tourney 2009 (45 10)"]
[Site "Internet Chess Club"]
[Date "2020.09.19"]
[Round "5"]
[White "DLWarrior"]
[Black "imranchamp"]
[Result "1-0"]
[ICCResult "Black checkmated"]
[WhiteElo "1934"]
[BlackElo "1809"]
[Opening "Queen's pawn: London system"]
[ECO "A45"]
[NIC "QP.07"]
[Time "21:02:30"]
[TimeControl "2700+10"]

1. d4 Nf6 2. Bf4 g6 3. Nc3 d6 4. e4 Bg7 5. Qd2 O-O 6. O-O-O Nbd7 7. h4 e5 8.
dxe5 dxe5 9. Bh6 c6 10. f3 Nh5 11. Nge2 Qf6 12. Bg5 Qe6 13. g4 Nf4 14. Nxf4
exf4 15. Bxf4 Ne5 16. Be2 Nc4 17. Bxc4 Qxc4 18. Bh6 Be6 19. Bxg7 Kxg7 20. h5
Rad8 21. h6+ Kf6 22. e5+ Ke7 23. Qg5+ f6 24. exf6+ Kf7 25. Qe5 Rxd1+ 26.
Rxd1 b5 27. Qc7+ Kxf6 28. Qg7+ Kg5 29. Qxf8 Bxg4 30. fxg4 b4 31. Qe7+ Kxh6
32. Rh1# {Black checkmated} 1-0

[Event "ICC tourney 2009 (45 10)"]
[Site "Internet Chess Club"]
[Date "2020.09.19"]
[Round "5"]
[White "KittiesRock18"]
[Black "wulovechess"]
[Result "0-1"]
[ICCResult "White resigns"]
[WhiteElo "1349"]
[BlackElo "1409"]
[Opening "Scotch: Schmidt variation"]
[ECO "C45"]
[NIC "SO.04"]
[Time "21:02:10"]
[TimeControl "2700+10"]

1. e4 e5 2. Nf3 Nc6 3. d4 exd4 4. Nxd4 Nf6 5. Nc3 Bb4 6. Nxc6 bxc6 7. Bd3
O-O 8. O-O d6 9. e5 dxe5 10. Qf3 Qd6 11. Bd2 Bg4 12. Qg3 Rab8 13. Rfe1 Rfe8
14. h3 Bh5 15. a3 Bc5 16. Bh6 Bg6 17. Bxg6 hxg6 18. Rad1 Qe6 19. Bc1 Qf5 20.
Re2 Nh5 21. Qh4 Nf4 22. Bxf4 exf4 23. Rxe8+ Rxe8 24. Rd8 Rf8 25. Rd2 g5 26.
Qh5 Re8 27. Kf1 Qe6 28. Re2 Qc4 29. b3 Qa6 30. a4 Bb4 31. Kg1 Rxe2 32. Nxe2
g6 33. Qf3 Qb6 34. Qd3 Be7 35. Kf1 Kg7 36. Qd4+ Bf6 37. Qc4 c5 38. Ng1 Qb4
39. Qd3 Qd4 40. Ke2 Qxd3+ 41. Kxd3 Bd4 42. Nf3 Bxf2 43. Nxg5 Be3 44. Ke4 Kf6
45. h4 Bf2 46. Nf3 Bg3 47. Kd5 Kf5 48. Kxc5 Ke4 49. a5 Ke3 50. Kc4 Kf2 51.
Kd3 Kxg2 52. Ke2 Kh3 53. Ng5+ Kxh4 54. Nxf7 g5 55. Ne5 g4 56. Ng6+ Kh3 57.
Ne5 Bh2 58. a6 Bg1 59. Kf1 Be3 60. Nd3 g3 61. Ne1 Bf2 62. Nf3 Be3 63. Ne1
Bd2 64. Nf3 g2+ 65. Kf2 Be3+ 66. Ke2 Kg3 67. b4 Bf2 68. c4 g1=Q 69. Nxg1
Bxg1 70. Kf1 Be3 71. Ke2 f3+ 72. Kxe3 Kg2 73. Kd4 f2 74. Kd5 f1=Q 75. Kd4
Qa1+ 76. Kd5 Qxa6 {White resigns} 0-1

[Event "ICC tourney 2009 (45 10)"]
[Site "Internet Chess Club"]
[Date "2020.09.19"]
[Round "5"]
[White "StevChess01"]
[Black "AJ2000"]
[Result "1-0"]
[ICCResult "Black checkmated"]
[WhiteElo "1908"]
[BlackElo "1702"]
[Opening "Neo-Grünfeld defense"]
[ECO "D70"]
[NIC "KI.80"]
[Time "21:02:17"]
[TimeControl "2700+10"]

1. d4 Nf6 2. c4 g6 3. f3 d5 4. cxd5 Nxd5 5. e4 Nb6 6. Nc3 Bg7 7. Be3 O-O 8.
Qd2 c6 9. Rd1 Be6 10. b3 N8d7 11. h4 h5 12. Nge2 Nf6 13. Nf4 Qd6 14. e5 Qd7
15. exf6 Bxf6 16. Nxe6 Qxe6 17. Be2 Rfd8 18. Kf2 Rd7 19. Ne4 Rd5 20. Bc4
Nxc4 21. bxc4 Rdd8 22. Nxf6+ Qxf6 23. Bg5 Qd6 24. Rhe1 f6 25. Bf4 Qd7 26.
Qe2 Kf7 27. d5 Re8 28. Qe6+ Qxe6 29. dxe6+ Kg7 30. Rd7 b6 31. Red1 c5 32.
Rb7 Rad8 33. Rxd8 Rxd8 34. Rxe7+ Kg8 35. Rd7 Re8 36. e7 Kf7 37. Rxa7 Rxe7
38. Rxe7+ Kxe7 39. Bc7 Kd7 40. Bxb6 Kc6 41. Ba5 g5 42. hxg5 fxg5 43. Bd2 g4
44. fxg4 hxg4 45. Kg3 Kd6 46. Kxg4 Ke5 47. Bc3+ Ke4 48. Bf6 Kd3 49. Kf5 Kxc4
50. g4 Kd3 51. g5 c4 52. g6 c3 53. Bxc3 Kxc3 54. g7 Kb2 55. g8=Q Ka1 56. Qd5
Kb2 57. Qb5+ Ka1 58. a4 Ka2 59. a5 Ka1 60. a6 Ka2 61. a7 Ka1 62. a8=Q#
{Black checkmated}
1-0

[Event "ICC tourney 2009 (45 10)"]
[Site "Internet Chess Club"]
[Date "2020.09.19"]
[Round "5"]
[White "fascimate"]
[Black "ScoutViolet"]
[Result "0-1"]
[ICCResult "White checkmated"]
[WhiteElo "1759"]
[BlackElo "1638"]
[Opening "Ruy Lopez: modern Steinitz defense, 5.O-O"]
[ECO "C72"]
[NIC "RL.10"]
[Time "21:02:10"]
[TimeControl "2700+10"]

1. e4 e5 2. Nf3 Nc6 3. Bb5 a6 4. Ba4 d6 5. O-O Bd7 6. Nc3 g6 7. d4 Bg7 8. d5
Nb8 9. Be3 Ne7 10. Qd2 h6 11. Bb3 g5 12. Ne2 f5 13. exf5 Nxf5 14. Ng3 Nxg3
15. hxg3 O-O 16. c4 Bg4 17. Nh2 Bh5 18. g4 Bg6 19. Rfe1 Nd7 20. Nf1 Nf6 21.
f3 Qd7 22. Ng3 Rae8 23. Bc2 Bxc2 24. Qxc2 e4 25. Nf5 b6 26. Kh2 exf3 27.
gxf3 Kf7 28. Kg2 Rh8 29. Bd4 h5 30. Kg3 hxg4 31. fxg4 c5 32. Bc3 a5 33. Qf2
Kg6 34. Nxg7 Qxg4# {White checkmated} 0-1

[Event "ICC tourney 2009 (45 10)"]
[Site "Internet Chess Club"]
[Date "2020.09.19"]
[Round "5"]
[White "lmperfectFocus"]
[Black "Eagle2020"]
[Result "0-1"]
[ICCResult "White checkmated"]
[WhiteElo "1597"]
[BlackElo "1610"]
[Opening "French: Schlechter variation"]
[ECO "C01"]
[NIC "FR.01"]
[Time "21:02:14"]
[TimeControl "2700+10"]

1. e4 e6 2. d4 d5 3. Bd3 c5 4. exd5 exd5 5. Nf3 Nf6 6. Bg5 Nc6 7. dxc5 Bxc5
8. O-O O-O 9. Nc3 h6 10. Bxf6 Qxf6 11. Nxd5 Qxb2 12. Qe2 Nd4 13. Qe4 Bf5 14.
Ne7+ Bxe7 15. Qxd4 Qxd4 16. Nxd4 Bxd3 17. cxd3 Bf6 18. Nf5 Bxa1 19. Rxa1
Rad8 20. d4 Rfe8 21. Rd1 g6 22. Ne3 Re4 23. d5 Ra4 24. Rd2 b5 25. d6 Ra6 26.
d7 Rb6 27. Nd5 Re6 28. g3 Kg7 29. Nc7 Re7 30. Ne8+ Rexe8 31. dxe8=Q Rxe8 32.
Rd7 a5 33. Rb7 Re2 34. a3 Ra2 35. Rxb5 Rxa3 36. Kf1 a4 37. h4 Ra1+ 38. Ke2
a3 39. Ra5 Kf6 40. Kd3 a2 41. Kd2 Rf1 42. Ra6+ Kg7 43. Rxa2 Rxf2+ 44. Ke3
Rxa2 45. h5 gxh5 46. g4 hxg4 47. Kf4 g3 48. Kxg3 Ra4 49. Kh3 Kg6 50. Kg3 Kg5
51. Kh3 Ra3+ 52. Kg2 Kf4 53. Kf2 Ra2+ 54. Ke1 Kf3 55. Kd1 Ke3 56. Kc1 Kd3
57. Kb1 Rh2 58. Kc1 Ke3 59. Kd1 Re2 60. Kc1 Kd3 61. Kd1 Ke3 62. Kc1 h5 63.
Kd1 h4 64. Kc1 h3 65. Kd1 h2 66. Kc1 h1=Q# {White checkmated} 0-1

[Event "ICC tourney 2009 (45 10)"]
[Site "Internet Chess Club"]
[Date "2020.09.19"]
[Round "5"]
[White "marinaxiao"]
[Black "che8642"]
[Result "0-1"]
[ICCResult "White resigns"]
[WhiteElo "1386"]
[BlackElo "1496"]
[Opening "Sicilian: Kan, 5.Bd3"]
[ECO "B42"]
[NIC "SI.42"]
[Time "21:02:15"]
[TimeControl "2700+10"]

1. e4 c5 2. Nf3 e6 3. d4 cxd4 4. Nxd4 a6 5. Bd3 Qc7 6. Nc3 b5 7. a3 Bb7 8.
O-O Nf6 9. Bg5 Be7 10. Re1 d6 11. Kh1 Nbd7 12. f4 O-O 13. Qe2 Nc5 14. e5
Nxd3 15. exf6 Nxe1 16. fxe7 Rfe8 17. Rxe1 Kh8 18. Qh5 f6 19. Nxe6 Qxe7 20.
Bh4 Qd7 21. f5 Rac8 22. Re3 Qc6 23. Qg4 Re7 24. Ne4 Qxc2 25. Nxf6 Qxb2 26.
Nxh7 Rc1+ 27. Re1 Rxe1+ 28. Bxe1 Kxh7 29. Qh4+ Kg8 30. Nf4 Re8 31. Qg3 Qb1
32. Ne6 Qa1 33. h3 Bd5 34. Kh2 Qe5 35. Nc7 Qxe1 36. Nxe8 Qxe8 37. Qxd6 Qe4
38. Qd8+ Kh7 39. Qg5 Qe5+ 40. Kg1 Be4 41. Qh4+ Kg8 42. Qd8+ Kf7 43. Qd7+ Qe7
44. Qd2 Qxa3 45. Qd7+ Qe7 46. Qd2 Bxf5 47. Qd5+ Be6 48. Qf3+ Kg8 49. Qa8+
Qf8 50. Qxa6 Bc4 51. Qc6 Qf1+ 52. Kh2 b4 53. Qc8+ Kh7 54. Qg4 b3 55. Qh5+
Kg8 56. Qe8+ Qf8 57. Qe4 Bf7 58. Qb1 Qb8+ 59. Kh1 b2 60. Kg1 Kh8 61. Kh1 Ba2
62. Qxa2 {White resigns} 0-1

[Event "ICC tourney 2009 (45 10)"]
[Site "Internet Chess Club"]
[Date "2020.09.19"]
[Round "5"]
[White "Mapking1"]
[Black "Randomdude21"]
[Result "0-1"]
[ICCResult "White checkmated"]
[WhiteElo "1673"]
[BlackElo "1841"]
[Opening "Ruy Lopez: 5.O-O"]
[ECO "C78"]
[NIC "RL.12"]
[Time "21:02:08"]
[TimeControl "2700+10"]

1. e4 e5 2. Nf3 Nc6 3. Bb5 a6 4. Ba4 Nf6 5. O-O b5 6. Bb3 Bc5 7. c3 d6 8. d4
Bb6 9. dxe5 Nxe5 10. Nxe5 dxe5 11. Qxd8+ Kxd8 12. Bxf7 Rf8 13. Bd5 Nxd5 14.
exd5 Bb7 15. Bg5+ Kd7 16. Na3 Bxd5 17. Nc2 Bc4 18. Rfd1+ Kc6 19. Be3 Rad8
20. b3 Be2 21. Re1 Bxe3 22. Rxe2 Bb6 23. Ne3 Bxe3 24. fxe3 Rd3 25. c4 bxc4
26. Rc1 Kd5 27. bxc4+ Ke4 28. c5 Rfd8 29. Rc4+ Kd5 30. Ra4 Ra8 31. Rh4 h6
32. Rf2 Ke6 33. Rc2 Rxe3 34. Ra4 Rd3 35. Kf2 Kd5 36. c6 a5 37. Ke2 Rd4 38.
Rxd4+ exd4 39. Kd3 Re8 40. Rf2 Re3+ 41. Kd2 Ke6 42. Rf4 Re5 43. Kd3 Rb5 44.
Re4+ Kd6 45. Rxd4+ Rd5 46. Kc4 Rxd4+ 47. Kxd4 Kxc6 48. Kc4 Kb6 49. a4 Kc6
50. g4 g5 51. Kd4 Kd6 52. Kc4 c6 53. Kd4 c5+ 54. Kc4 Kc6 55. h3 Kd6 56. Kb5
Kd5 57. Kxa5 c4 58. Kb6 c3 59. a5 c2 60. a6 c1=Q 61. a7 Qc6+ 62. Ka5 Qb7 63.
a8=N Qxa8+ 64. Kb6 Qc6+ 65. Ka5 Qb7 66. Ka4 Kc4 67. Ka3 Qb3# {White
checkmated} 0-1

[Event "ICC tourney 2009 (45 10)"]
[Site "Internet Chess Club"]
[Date "2020.09.19"]
[Round "5"]
[White "fhunfi"]
[Black "DavGasparyan"]
[Result "0-1"]
[ICCResult "White resigns"]
[WhiteElo "1747"]
[BlackElo "1918"]
[Opening "Sicilian: closed, 6.Ne2 e5 (Botvinnik)"]
[ECO "B24"]
[NIC "SI.44"]
[Time "21:02:06"]
[TimeControl "2700+10"]

1. e4 c5 2. Nc3 Nc6 3. g3 g6 4. Bg2 Bg7 5. Nge2 d6 6. d3 e5 7. h3 Nge7 8.
Be3 Be6 9. f4 Qd7 10. Qd2 h5 11. Nd5 O-O-O 12. c4 f5 13. Nec3 h4 14. gxh4
Bxd5 15. exd5 Nd4 16. O-O-O Rdf8 17. fxe5 Bxe5 18. Bg5 f4 19. Be4 Nef5 20.
Bxf5 Nxf5 21. Ne4 Nxh4 22. Rdf1 f3 23. Qd1 Qf7 24. Bf6 Qc7 25. Bxh4 Rxh4 26.
Rxf3 Rf5 27. Rhf1 Qf7 28. Qe2 b6 29. Ng5 Qf6 30. Ne6 Rxh3 31. Rxf5 gxf5 32.
Qc2 Qh6+ 33. Kb1 Rh2 {White resigns} 0-1